 Dungeon Crawl Stone Soup version 0.27-a0-1322-gfdffb62a71 (webtiles) character file.

Game seed: 10298298476021297805

9 Lanoc the Sneak (level 2, -1/22 HPs)
             Began as a Demonspawn Brigand on June 22, 2021.
             Was an Initiate of Gozag.
             Slain by a goblin (3 damage)
             ... on level 1 of the Dungeon.
             The game lasted 00:00:51 (198 turns).

Lanoc the Sneak (Demonspawn Brigand)                 Turns: 198, Time: 00:00:51

Health: -1/22      AC:  3    Str: 11    XL:     2   Next: 3%
Magic:  2/2        EV: 12    Int: 12    God:    Gozag
Gold:   0          SH:  0    Dex: 14    Spells: 1/1 levels left

rFire    . . .     SeeInvis .   a - +2 dagger
rCold    . . .     Faith    .   (no shield)
rNeg     . . .     Spirit   .   b - +0 robe
rPois    .         Reflect  .   (no helmet)
rElec    .         Harm     .   c - +0 cloak
rCorr    .         Rampage  .   (no gloves)
Will     .....                  (no boots)
Stlth    ++........             (no amulet)
HPRegen  0.07/turn              (no ring)
MPRegen  0.08/turn              (no ring)

@: no status effects
A: demonic guardian 1
a: Renounce Religion, Potion Petition, Call Merchant, Bribe Branch


You were on level 1 of the Dungeon.
You worshipped Gozag.
Gozag was noncommittal.
You visited 1 branch of the dungeon, and saw 1 of its levels.

Inventory:

Hand Weapons
 a - a +2 dagger (weapon)
Missiles
 d - 8 poisoned darts (quivered)
 e - 2 curare-tipped darts
Armour
 b - a +0 robe (worn)
 c - a +0 cloak (worn)
Scrolls
 f - a scroll of enchant weapon {unknown}
 g - a scroll of vulnerability {unknown}


   Skills:
 + Level 2.2 Fighting
 - Level 1.7 Short Blades
 - Level 1.7 Throwing
 + Level 1.1 Dodging
 * Level 3.9 Stealth


You had one spell level left.
You didn't know any spells.
Your spell library was empty.

Dungeon Overview and Level Annotations

Branches:
Dungeon (1/15)

Altars:
Gozag


Innate Abilities, Weirdness & Mutations

A weak demonic guardian rushes to your aid.


Message History

The ball python barely misses you. The ball python constricts you.
You closely miss the ball python.
The ball python is severely wounded.
The ball python completely misses you.
* * * LOW HITPOINT WARNING * * *
The ball python constricts you.
The frilled lizard hisses angrily.
You hit the ball python.
You kill the ball python!
You barely miss the rat. The rat bites you but does no damage.
You hit the rat.
You kill the rat!
The goblin is distracted by your dazzling golden aura.
The goblin shouts!
You hit the dart slug but do no damage.
The goblin is no longer distracted by gold.
You hit the dart slug.
The dart slug is heavily wounded.
The dart slug launches a dart at you. The slug dart hits you.
* * * LOW HITPOINT WARNING * * *
You hit the dart slug.
The dart slug is almost dead.
The dart slug bites you but does no damage.
The goblin is distracted by your dazzling golden aura.
You hit the dart slug.
You kill the dart slug!
You have reached level 2!
Your demonic ancestry asserts itself...
You feel the presence of a demonic guardian.
You aren't carrying any potions.
You open the door.
There is an open door here.
The goblin is no longer distracted by gold.
You see here a ring of willpower.
You hit the goblin.
The goblin is moderately wounded.
The goblin hits you with a +0 dagger.
You die...
Your body crumbles into a pile of gold.

..# ...### #######
......
#.....###......
+..............
..###.............
................#
..##.##'##l..####...
#.#..g@.......
#g#...........
#l#.........######
#.#........###8_8##
#..........##.....#
.#
#....########.....##
#.
#....##....#.......#
+.
+.........##..8.8..#
#.
#.....l...##.......#
#.


You could see a goblin and a frilled lizard.

Vanquished Creatures
  A dart slug (D:1)
  2 ball pythons (D:1)
  An endoplasm (D:1)
  A goblin (D:1)
  3 rats (D:1)
8 creatures vanquished.

Notes
Turn   | Place    | Note
-------+----------+-------------------------------------------
     0 | D:1      | Lanoc the Demonspawn Brigand began the quest for the Orb.
     0 | D:1      | Reached XP level 1. HP: 16/16 MP: 1/1
    47 | D:1      | Reached skill level 1 in Dodging
   104 | D:1      | Found a faded altar of an unknown god.
   141 | D:1      | Became a worshipper of Gozag Ym Sagoz the Greedy
   187 | D:1      | Gained mutation: A weak demonic guardian rushes to your
                  | aid. [demonic ancestry]
   187 | D:1      | Reached XP level 2. HP: 1/22 MP: 2/2
   198 | D:1      | Slain by a goblin

Illustrated notes

Levels and vault maps discovered:
D:1:      lemuel_arrival_lava_pool, layout_basic,
          hellmonk_ecumenical_altar_prayer_group, minmay_misc_feat_chi

Skill      XL: |  1 |
---------------+----+-----
Dodging        | 1 |  1.1
Fighting       | |  2.2
Short Blades   | |  1.7
Throwing       | |  1.7
Stealth        | |  3.9

Action                   || total
-------------------------++-------
Melee: Dagger            ||    21
 Stab: Sleeping          ||     2
Armor: Robe              ||     4
Dodge: Dodged            ||    17

Table legend: (Time is in decaauts)
 A = Elapsed time spent in this place.
 B = Non-inter-level travel time spent in this place.
 C = Inter-level travel time spent in this place.
 D = Time resting spent in this place.
 E = Time spent auto-exploring this place.
 F = Levels seen in this place.
 G = Mean time per level.
                   A        B        C        D        E       F      G
               +--------+--------+--------+--------+--------+-----+--------+
         Total |    196 |    196 |      0 |      0 |    106 |   1 |  196.0 |
       Dungeon |    196 |    196 |      0 |      0 |    106 |   1 |  196.0 |
               +--------+--------+--------+--------+--------+-----+--------+

Top non-repeatable levels by time:
     D:1: 196 daAuts
